 Dungeon Crawl Stone Soup version 0.24-a0-520-g8fd06ad0bc (webtiles) character file.

Game seed: 15276343449879563306

10 Iscandelvey the Vexing (level 2, 17/21 HPs)
             Began as a Demonspawn Arcane Marksman on July 25, 2019.
             Quit the game on level 1 of the Dungeon.
             The game lasted 00:00:11 (160 turns).

Iscandelvey the Vexing (Demonspawn Arcane Marksman)  Turns: 160, Time: 00:00:12

Health: 17/21      AC:  2    Str: 10    XL:     2   Next: 10%
Magic:  3/3        EV: 12    Int: 14    God:
Gold:   0          SH:  0    Dex: 13    Spells: 2/3 levels left

rFire    . . .     SeeInvis .   a - +0 hunting sling
rCold    . . .     Gourm    .   (no shield)
rNeg     . . .     Faith    .   e - +0 robe
rPois    .         Spirit   .   (no helmet)
rElec    .         Reflect  .   (no cloak)
rCorr    .         Harm     .   (no gloves)
MR       .....                  (no boots)
Stlth    +.........             (no amulet)
HPRegen  0.07/turn              (no ring)
MPRegen  0.08/turn              (no ring)

@: no status effects
A: hooves 1
a: no special abilities


You were on level 1 of the Dungeon.
You were not hungry.

You visited 1 branch of the dungeon, and saw 1 of its levels.

Inventory:

Hand Weapons
 a - a +0 hunting sling (weapon)
Missiles
 d - 4 sling bullets (quivered)
Armour
 e - a +0 robe (worn)
Jewellery
 c - a cursed amulet of guardian spirit {unknown}
Potions
 b - a potion of flight {unknown}
Comestibles
 f - a ration


   Skills:
 + Level 1.0 Fighting
 + Level 2.0 Slings
 + Level 1.8 Dodging
 + Level 1.0 Spellcasting
 + Level 3.4 Hexes


You had 2 spell levels left.
You knew the following spells:

 Your Spells              Type           Power        Failure   Level  Hunger
a - Corona                Hex            ##.....      6%          1    ##.....

Your spell library contained the following spells:

 Spells                   Type           Power        Failure   Level  Hunger
 Slow                     Hex            ##......     10%         2    ###....
 Inner Flame              Hex/Fire       #.......     36%         3    ####...
 Portal Projectile        Hex/Tloc       #.....       36%         3    ####...
 Cause Fear               Hex            ##........   54%         4    #####..
 Leda's Liquefaction      Hex/Erth       #.........   78%         4    #####..


Dungeon Overview and Level Annotations

Branches:
Dungeon (1/15)

Altars:


Innate Abilities, Weirdness & Mutations

You have large cloven feet.


Message History

Press: ? - help, Shift-Dir - straight line, f/p - jackal
Aim: a jackal (severely wounded)
You shoot a sling bullet. The sling bullet hits the jackal!
You kill the jackal!
The jackal bites you.
A jackal is nearby!
Firing (i - inventory)
d - 6 sling bullets (quivered)
Press: ? - help, Shift-Dir - straight line, f - jackal
Aim: a jackal You shoot a sling bullet.
The sling bullet hits the jackal but does no damage.
The jackal bites you but does no damage. x2
A jackal is nearby!
Firing (i - inventory)
d - 5 sling bullets (quivered)
Press: ? - help, Shift-Dir - straight line, f/p - jackal
Aim: a jackal You shoot a sling bullet.
The sling bullet closely misses the jackal.
The jackal bites you.
Are you sure you want to abandon this character and quit the game? (Confirm with "yes".)

#..........
#####........).
#..............
#.###..........
####>.............
#......#####....#.
#......# #......
#......# #....#.
#@h...(# #....#.
#((....# #... #[
.......# ..
##..(...# #..(...#
#......# #..%..(#
#((..((.


You could see a jackal.

Vanquished Creatures
  A giant cockroach (D:1)
  A goblin (D:1)
  2 hobgoblins (D:1)
  3 jackals (D:1)
  A frilled lizard (D:1)
8 creatures vanquished.

Notes
Turn   | Place    | Note
-------+----------+-------------------------------------------
     0 | D:1      | Iscandelvey the Demonspawn Arcane Marksman began the quest
                  | for the Orb.
     0 | D:1      | Reached XP level 1. HP: 15/15 MP: 2/2
   155 | D:1      | Gained mutation: You have large cloven feet. [demonic
                  | ancestry]
   155 | D:1      | Reached XP level 2. HP: 21/21 MP: 3/3
   160 | D:1      | Quit the game

Levels and vault maps discovered:
D:1:      wander_arrival_chamber, layout_basic, columned_hall_lemuel

Skill      XL: |  1 |
---------------+----+-----
Slings         | 2 |  2.0
Fighting       | |  1.0
Dodging        | |  1.8
Spellcasting   | |  1.0
Hexes          | |  3.4

Action                   || total
-------------------------++-------
 Fire: Hunting sling     ||    26
Armor: Robe              ||     3
Dodge: Dodged            ||     4

Table legend:
 A = Non-vault XP
 B = Vault XP
 C = Vault XP percentage of total XP
 D = Non-vault monster count
 E = Vault monster count
 F = Vault count percentage of total count
                 A         B        C        D         E       F
            +---------+---------+-------+---------+---------+-------
      Total |      15 |       0 |   0.0 |       8 |       0 |   0.0
            +---------+---------+-------+---------+---------+-------
        D:1 |      15 |       0 |   0.0 |       8 |       0 |   0.0
            +---------+---------+-------+---------+---------+-------
